 Dungeon Crawl Stone Soup version 0.31-a0-971-g75a2e9a4b4 (webtiles) character file.

Game seed: 7555495564046128528

213 Sabo the Chopper (level 5, 5/91 HPs)
             Began as a Demonspawn Gladiator on Oct 28, 2023.
             Quit the game on level 4 of the Dungeon.
             The game lasted 00:12:42 (1787 turns).

Sabo the Chopper (Demonspawn Gladiator)             Turns: 1787, Time: 00:12:42

Health: 5/91       AC: 22    Str: 16    XL:     5   Next: 59%
Magic:  5/5        EV:  2    Int: 14    God:
Gold:   172        SH:  4    Dex: 11    Spells: 4/4 levels left

rFire   + . .        x - +4 war axe of Terrible Exoneration {speed, rF+ Int+5 Dex-4 SInv}
rCold   . . .        (no shield)
rNeg    . . .        A - melded +0 chain mail
rPois   +            (helmet currently unavailable)
rElec   .            (cloak currently unavailable)
rCorr   .            t - melded +0 pair of gloves
SInv    +            (boots currently unavailable)
Will    .....        (no amulet) Stlth
                     g - +4 ring of slaying
HPRegen 0.35/turn    (no ring)
MPRegen 0.09/turn

%: no passive effects
@: berserking, lethally poisoned (5 -> 0), tree-form, very quick
A: stationary, stasis, torment immunity, boosted hp, (antennae 1), condensation
shield, (weakness stinger 1)
a: no special abilities


You were on level 4 of the Dungeon.
You were a tree.
You visited 1 branch of the dungeon, and saw 4 of its levels.

You collected 172 gold pieces.

Inventory:

Hand Weapons
 a - a +0 war axe
 n - a +3 dagger of venom
 s - a +0 sling
 x - the +4 war axe of Terrible Exoneration (weapon) {speed, rF+ Int+5 Dex-4 SInv}
   (You found it on level 3 of the Dungeon)

   Int+5:     It affects your intelligence (+5).
   Dex-4:     It affects your dexterity (-4).
   rF+:       It protects you from fire.
   SInv:      It lets you see invisible.
Missiles
 d - 3 throwing nets
 e - a javelin
 h - 4 poisoned darts (quivered)
Armour
 c - a +0 helmet
 t - a +0 pair of gloves (melded)
 A - a +0 chain mail (melded)
Jewellery
 g - a +4 ring of slaying (left branch)
 i - a ring of ice
 m - an amulet of faith
Talismans
 u - a blade talisman
Scrolls
 k - a scroll of fear {unknown}
 l - a scroll of teleportation {unknown}
 o - a scroll of silence {unknown}
 v - a scroll of vulnerability {unknown}
 y - a scroll of identify {unknown}
 z - a scroll of revelation {unknown}
Potions
 b - a potion of berserk rage
 j - a potion of attraction {unknown}
 p - a potion of might {unknown}
 q - a potion of curing {unknown}
 r - 2 potions of lignification
 w - a potion of heal wounds {unknown}


   Skills:
 + Level 3.4 Fighting
 + Level 4.4 Axes
 + Level 1.9 Throwing
 + Level 1.8 Armour
 + Level 2.8 Dodging


You had 4 spell levels left.
You didn't know any spells.
Your spell library was empty.

Dungeon Overview and Level Annotations

Branches:
Dungeon (4/15)
 Temple: D:4-7

Altars:
Hepliaklqana
Vehumet


Innate Abilities, Weirdness & Mutations

You are a tree.
Your roots penetrate the ground, keeping you stationary.
You cannot be teleported.
You are immune to unholy pain and torment.
Your maximum health is greatly increased.
Your equipment is partially melded.
((You have a pair of small antennae on your head.))
A meltable shield of frost defends you. (SH +4)
((You have a small tail.))


Message History

There is a lethal amount of poison in your body!
You cannot move.
You cannot move.
You cannot move.
You cannot move.
You cannot move.
You cannot move.
You are too berserk!
Okay, then.
You cannot move.
You cannot move.
You cannot move.
Okay, then.
You cannot move.
You cannot move.
You cannot move.
You cannot move.
You cannot move.
You cannot move.
You cannot move.
You cannot move.
You cannot move.
You cannot move.
You cannot move.
You cannot move.
You cannot move.
You cannot move.
You cannot move.
You cannot move.
You cannot move.
You cannot move.
You cannot move.
You cannot move.
You cannot move.
You cannot move.
You cannot move.
You cannot move.
You cannot move.
Unknown command.
Are you sure you want to abandon this character and quit the game? (Confirm with "yes".)

##..## .###....###
..#......# . ........ ..##
#....## ..... #.....# #.##
......#..[[#####..........
~~P.....f)♣).....>........
~~PP...#.).#....[.........
♣~~P...#.#........# ......
~PP~.....#..#.....##......#
....##..##.##.............#
#####.....#................
#...##.##...........#..#
###. ..#............#..#
#.##....#.......#...


You could see a sleepcap.

Vanquished Creatures
  A scorpion (D:4)
  An orc priest (D:4)
  An orc wizard (D:4)
  4 adders
  A worm (D:3)
  7 orcs
  7 ball pythons
  3 bats
  2 endoplasms (D:2)
  A giant cockroach (D:1)
  7 goblins
  3 hobgoblins
  6 jackals (D:2)
  5 kobolds
  3 quokkas
  2 frilled lizards
  5 rats
59 creatures vanquished.

Notes
Turn   | Place    | Note
-------+----------+-------------------------------------------
     0 | D:1      | Sabo the Demonspawn Gladiator began the quest for the Orb.
     0 | D:1      | Reached XP level 1. HP: 16/16 MP: 1/1
    98 | D:1      | Discovered your monstrous ancestry.
    98 | D:1      | Gained mutation: You have a small tail. [demonic ancestry]
    98 | D:1      | Reached XP level 2. HP: 23/23 MP: 2/2
   319 | D:1      | Reached skill level 3 in Axes
   690 | D:2      | Found a radiant altar of Vehumet.
   854 | D:2      | Reached XP level 3. HP: 16/28 MP: 3/3
  1024 | D:2      | Reached skill level 1 in Armour
  1462 | D:3      | Identified the +4 war axe of Terrible Exoneration {speed,
                  | rF+ Int+5 Dex-4 SInv}
  1493 | D:3      | Found a hazy altar of Hepliaklqana.
  1605 | D:3      | Gained mutation: A meltable shield of frost defends you.
                  | (SH +4) [demonic ancestry]
  1605 | D:3      | Reached XP level 4. HP: 34/34 MP: 4/4
  1775 | D:4      | Noticed a scorpion
  1777 | D:4      | Reached skill level 4 in Axes
  1777 | D:4      | Gained mutation: You have a pair of small antennae on your
                  | head. [demonic ancestry]
  1777 | D:4      | Reached XP level 5. HP: 29/41 MP: 5/5
  1787 | D:4      | Quit the game

Illustrated notes

Levels and vault maps discovered:
D:1:      co_arrival_square_in_a_square_in_a_square, layout_rooms,
          amcnicky_mini_pool_small
D:2:      layout_rooms, basic_altar, minmay_pentomino_r2
D:3:      layout_basic, nzn_hepliaklqana_mist_gate, nrook_loot_triangle
D:4:      layout_cave_pools, zin_angel, serial_bayou_lagoon_a

Skill      XL: |  1  2  3  4 |
---------------+-------------+-----
Axes           | 3 4 |  4.4
Armour         | 1 |  1.8
Fighting       | 3 |  3.4
Throwing       | |  1.9
Dodging        | |  2.8

Action                     |  1- 3 |  4- 6 || total
---------------------------+-------+-------++-------
  Melee: War axe           |    86 |    22 ||   108
         Tailslap          |     6 |       ||     6
    Use: Potion            |       |     2 ||     2
 Armour: Scale mail        |    67 |     5 ||    72
         Chain mail        |       |    11 ||    11
  Dodge: Dodged            |    63 |     7 ||    70
  Block: Other             |       |     5 ||     5

Table legend: (Time is in decaauts)
 A = Elapsed time spent in this place.
 B = Non-inter-level travel time spent in this place.
 C = Inter-level travel time spent in this place.
 D = Time resting spent in this place.
 E = Time spent auto-exploring this place.
 F = Levels seen in this place.
 G = Mean time per level.
                   A        B        C        D        E       F      G
               +--------+--------+--------+--------+--------+-----+--------+
         Total |   1811 |   1811 |      0 |    130 |      0 |   4 |  452.8 |
       Dungeon |   1811 |   1811 |      0 |    130 |      0 |   4 |  452.8 |
               +--------+--------+--------+--------+--------+-----+--------+

Top non-repeatable levels by time:
     D:1: 705 daAuts
     D:2: 616 daAuts
     D:3: 424 daAuts
     D:4: 64 daAuts
